 Dungeon Crawl Stone Soup version 0.30-a0-187-gd9c2deaf24 (webtiles) character file.

Game seed: 16293335714146958182

1276 LnG the Sneak (level 8, -3/44 HPs)
             Began as a Kobold Summoner on Oct 3, 2022.
             Slain by Maggie
             ... wielding a +2 vorpal scimitar
              (12 damage)
             ... on level 6 of the Dungeon.
             The game lasted 00:16:46 (5773 turns).

LnG the Sneak (Kobold Summoner)                     Turns: 5773, Time: 00:16:47

Health: -3/44      AC: 10    Str:  5    XL:     8   Next: 84%
Magic:  5/14       EV: 17    Int: 22    God:
Gold:   188        SH:  5    Dex: 16    Spells: 3/16 levels left

rFire   . . .      SeeInvis .    f - +0 dagger
rCold   . . .      Faith    .    (no shield)
rNeg    + . .      Spirit   .    a - +0 robe
rPois   .          Reflect  +    l - +1 helmet "Querch" {Drain rN+ Int+4}
rElec   .          Harm     .    g - +0 cloak
rCorr   .          Rampage  .    y - +0 pair of gloves
Will    +....                    (no boots)
Stlth   +++++.....               E - amulet of reflection
HPRegen 0.27/turn                r - +4 ring of protection
MPRegen 0.14/turn                z - ring of willpower

@: no status effects
A: small, no large weapons, nightstalker 3, mutation resistance 1, passive
freeze
a: no special abilities


You were on level 6 of the Dungeon.
You visited 1 branch of the dungeon, and saw 6 of its levels.

You collected 236 gold pieces.
You spent 48 gold pieces at shops.

Inventory:

Hand Weapons
 f - a +0 dagger (weapon)
Armour
 a - a +0 robe (worn)
 g - a +0 cloak (worn)
 l - the +1 helmet "Querch" (worn) {Drain rN+ Int+4}
   (You acquired it on level 2 of the Dungeon)

   Int:       It affects your intelligence (+4).
   rN:        It protects you from negative energy.
   Drain:     It drains your maximum health when unequipped.
 y - a +0 pair of gloves (worn)
Jewellery
 r - a +4 ring of protection (left hand)
 w - the amulet of Elemental Vulnerability {rPois rF-- rC-- AC+8}
   (You found it on level 4 of the Dungeon)

   [amulet of nothing]

   AC:        It affects your AC (+8).
   rF:        It makes you very vulnerable to fire.
   rC:        It makes you very vulnerable to cold.
   rPois:     It protects you from poison.
 z - a ring of willpower (right hand)
 A - a ring of fire
 E - an amulet of reflection (around neck)
Wands
 c - a wand of flame (4)
 x - a wand of roots (11)
Scrolls
 d - 5 scrolls of vulnerability
 h - a scroll of immolation
 j - 2 scrolls of teleportation {unknown}
 m - 4 scrolls of blinking {unknown}
 s - a scroll of enchant weapon {unknown}
 t - 2 scrolls of fog {unknown}
 u - a scroll of torment {unknown}
 C - a scroll of brand weapon {unknown}
 D - a scroll of identify
Potions
 b - a potion of magic
 e - 2 potions of heal wounds {unknown}
 i - 3 potions of haste
 k - 2 potions of might
 n - a potion of mutation
 o - a potion of lignification {unknown}
 p - a potion of brilliance {unknown}
 q - a potion of ambrosia {unknown}
 v - a potion of attraction {unknown}
 B - a potion of cancellation {unknown}


   Skills:
 + Level 2.2 Fighting
 + Level 4.7 Short Blades
 + Level 5.2 Dodging
 + Level 7.4 Stealth
 + Level 4.6 Spellcasting
 + Level 6.4 Summonings


You had 3 spell levels left.
You knew the following spells:

 Your Spells              Type           Power      Damage    Failure   Level
a - Summon Small Mammal   Summ           100%       N/A       1%          1
b - Call Imp              Summ           33%        N/A       1%          2
c - Call Canine Familiar  Summ           33%        N/A       2%          3
d - Summon Guardian Gole  Hex/Summ       19%        N/A       9%          3
e - Summon Lightning Spi  Summ/Air       19%        N/A       28%         4

Your spell library contained the following spells:

 Spells                   Type           Power      Damage    Failure   Level
 Scorch                   Fire           10%        2d5       16%         2
 Gell's Gravitas          Tloc           5%         N/A       32%         3
 Lesser Beckoning         Tloc           10%        N/A       32%         3
 Teleport Other           Tloc           5%         N/A       32%         3
 Flame Wave               Conj/Fire      5%         2d5       71%         4
 Summon Cactus Giant      Summ           16%        N/A       75%         6


Dungeon Overview and Level Annotations

Branches:
Dungeon (6/15)
 Temple: D:4-7

Altars:
Cheibriados

Shops:
D:2 ?

Annotations:
D:3 3 runed translucent doors, Splishie's ghost, amateur GnWn
D:6 Maggie


Innate Abilities, Weirdness & Mutations

You are small and have problems with some larger weapons.
You are completely attuned to the shadows.
You are somewhat resistant to further mutation.
A frigid envelope surrounds you and freezes all who hurt you.


Message History

An orc comes into view. It is wielding a +0 dagger.
Maggie and 2 orc wizards come into view.
Maggie is wielding a +2 vorpal scimitar and carrying a wand of light (12).
The orc wizard moves out of view.
Casting: Call Imp (safe; 1% risk of failure)
Confirm with . or Enter, or press ? or * to list all spells.
Maggie gestures wildly while chanting.
Maggie attempts to bespell you!
You easily resist.
Casting: Call Canine Familiar (dangerous; 2% risk of failure)
Confirm with . or Enter, or press ? or * to list all spells.
The spell is quite dangerous to miscast (28% risk of failure)!
Continue anyway?
An electric hum fills the air.
Maggie casts a spell.
Maggie attempts to bespell you! You resist with almost no effort.
Casting: Summon Lightning Spire (quite dangerous; 28% risk of failure)
Confirm with . or Enter, or press ? or * to list all spells.
A beastly little devil appears in a puff of flame.
Maggie zaps a wand.
The bolt of light hits you but does no damage.
You are confused.
Your hound bites Maggie but does no damage.
Your hound completely misses Maggie.
Unknown command.
Your hound closely misses Maggie.
Unknown command.
You feel less confused.
Your hound bites Maggie.
Maggie casts a spell at you. The bolt of fire hits you!!
Your crimson imp hits Maggie.
Unknown command.
You hit Maggie but do no damage.
Maggie is lightly wounded.
Your hound barely misses Maggie.
Maggie gives herself a magical halo, but it quickly sputters out.
Maggie gestures at you while chanting. The bolt of fire hits you!
* * * LOW HITPOINT WARNING * * *
Maggie attacks as you move away!
Maggie hits you with a +2 vorpal scimitar!
You die...

.......#...........
.......#....<......
.[#....##.###......
..#....##.# #......
..........####..<..#
...#####..##....#..#.
...# #........#....
#...####........#.8..
................@@h..
...#............5...#
...#..........###....
..............##.....
.......>.............
#..........#.........
#.....##...####......
......####.. .......
....... ... ......##


You could see Maggie (ally target), a friendly lightning spire (summoned), a
friendly hound (summoned) and a friendly crimson imp (summoned).

Vanquished Creatures
  A sky beast (D:6)
  An ice beast (D:4)
  An ogre (D:6)
  A centaur (D:5)
  A bullfrog (D:4)
  A gnoll sergeant (D:5)
  A necrophage (D:4)
  A howler monkey (D:5)
  2 hounds
  4 iguanas (D:5)
  2 gnolls (D:5)
  6 adders
  10 orcs
  3 endoplasms
  3 giant cockroaches
  5 goblins
  4 hobgoblins (D:4)
  4 kobolds
  4 quokkas
  8 ball pythons
  6 bats
  4 frilled lizards
  7 rats
80 creatures vanquished.

Vanquished Creatures (collateral kills)
  Grinder (D:5)
  A scorpion (D:5)
  2 orc wizards
  An iguana (D:5)
  A gnoll (D:5)
  A dart slug (D:1)
  7 orcs
  3 goblins (D:1)
  2 hobgoblins (D:1)
  4 jackals (D:1)
  A quokka (D:2)
  2 ball pythons (D:1)
  5 bats
  A frilled lizard (D:1)
  A kobold (D:1)
  15 rats
48 creatures vanquished.

Vanquished Creatures (others)
  4 plants (D:1)
4 creatures vanquished.

Grand Total: 132 creatures vanquished

Notes
Turn   | Place    | Note
-------+----------+-------------------------------------------
     0 | D:1      | LnG the Kobold Summoner began the quest for the Orb.
     0 | D:1      | Reached XP level 1. HP: 10/10 MP: 3/3
   227 | D:1      | Reached XP level 2. HP: 15/15 MP: 1/5
   230 | D:1      | Learned a level 2 spell: Call Imp
   486 | D:1      | Reached XP level 3. HP: 19/19 MP: 6/6
   490 | D:1      | Learned a level 3 spell: Call Canine Familiar
   656 | D:1      | Identified a scroll of acquirement
   657 | D:1      | Acquired a book of Scorching
  1096 | D:1      | Reached skill level 3 in Stealth
  1202 | D:2      | Acquired the +1 helmet "Querch" {Drain rN+ Int+4}
  1714 | D:2      | Found a faded altar of an unknown god.
  1832 | D:2      | Found Onaf's Magic Scroll Shop.
  1838 | D:2      | Bought 2 scrolls of identify for 48 gold pieces
  1920 | D:2      | Reached XP level 4. HP: 24/24 MP: 8/8
  2215 | D:3      | Found a runed translucent gate.
  2215 | D:3      | Found a runed translucent gate.
  2290 | D:3      | Found a runed translucent gate.
  2337 | D:3      | Identified the +1 leather armour "Decurob" {Harm Rampage
                  | *Slow rN+}
  2466 | D:3      | Reached skill level 4 in Stealth
  2540 | D:3      | Reached skill level 1 in Short Blades
  2540 | D:3      | Reached XP level 5. HP: 18/28 MP: 4/9
  3051 | D:3      | Noticed Splishie's ghost (amateur GnWn)
  3156 | D:4      | Found the amulet of Elemental Vulnerability {rPois rF--
                  | rC-- AC+8}
  3203 | D:4      | Noticed an ice beast
  3218 | D:4      | Gained mutation: A frigid envelope surrounds you and
                  | freezes all who hurt you. [potion of mutation]
  3218 | D:4      | Gained mutation: You are somewhat resistant to further
                  | mutation. [potion of mutation]
  3239 | D:4      | Killed an ice beast
  3240 | D:4      | Reached skill level 5 in Stealth
  3240 | D:4      | Reached skill level 5 in Summonings
  3240 | D:4      | Reached XP level 6. HP: 23/33 MP: 1/10
  3375 | D:4      | Reached skill level 1 in Fighting
  3518 | D:4      | Learned a level 3 spell: Summon Guardian Golem
  3752 | D:4      | Found a snail-covered altar of Cheibriados.
  3832 | D:4      | Reached XP level 7. HP: 38/38 MP: 8/12
  4226 | D:5      | Entered Level 5 of the Dungeon
  4271 | D:5      | Reached skill level 6 in Stealth
  4531 | D:5      | Noticed Grinder
  4535 | D:5      | Paralysed by Grinder for 5 turns
  4568 | D:5      | Killed Grinder
  4569 | D:5      | Reached XP level 8. HP: 40/44 MP: 6/13
  4577 | D:5      | Learned a level 4 spell: Summon Lightning Spire
  5055 | D:5      | Reached skill level 7 in Stealth
  5685 | D:6      | Reached skill level 5 in Dodging
  5752 | D:6      | Noticed Maggie
  5773 | D:6      | Slain by Maggie

Illustrated notes

Levels and vault maps discovered:
D:1:      roderic_dead_forest, layout_basic, serial_bayou_crossing
D:2:      layout_basic, serial_shops, nicolae_lakefront_shop,
          basic_ecumenical_altar, minmay_rat_hole
D:3:      layout_loops_cross, gammafunk_ghost_split
D:4:      layout_basic, lemuel_crystal_altar
D:5:      layout_loops_corners, uniq_grinder
D:6:      layout_cave_pools, minmay_temple_entry_offerings, serial_shops,
          kennysheep_little_box, uniq_maggie, uniq_pikel

Skill      XL: |  1  2  3  4  5  6  7  8 |
---------------+-------------------------+-----
Stealth        | 3 4 5 6 7 |  7.4
Short Blades   | 1 2 4 |  4.7
Dodging        | 3 4 5 |  5.2
Spellcasting   | 3 4 |  4.6
Summonings     | 5 6 |  6.4
Fighting       | 1 2 |  2.2

Action                   |  1- 3 |  4- 6 |  7- 9 || total
-------------------------+-------+-------+-------++-------
Melee: Unarmed           |    19 |       |       ||    19
       Dagger            |    44 |   189 |    99 ||   332
       Punch             |       |     3 |       ||     3
 Cast: Summon Small Mamm |    15 |       |       ||    15
       Call Imp          |     4 |     2 |     4 ||    10
       Call Canine Famil |     1 |     8 |     7 ||    16
       Summon Lightning  |       |       |     1 ||     1
  Use: Scroll            |     7 |       |       ||     7
       Potion            |     1 |     2 |       ||     3
 Stab: Sleeping          |    10 |    18 |     8 ||    36
       Distracted        |     1 |     1 |       ||     2
Armor: Robe              |    22 |    65 |    30 ||   117
Dodge: Dodged            |    56 |   159 |    55 ||   270

Table legend: (Time is in decaauts)
 A = Elapsed time spent in this place.
 B = Non-inter-level travel time spent in this place.
 C = Inter-level travel time spent in this place.
 D = Time resting spent in this place.
 E = Time spent auto-exploring this place.
 F = Levels seen in this place.
 G = Mean time per level.
                   A        B        C        D        E       F      G
               +--------+--------+--------+--------+--------+-----+--------+
         Total |   5746 |   5577 |    169 |    269 |   4187 |   6 |  957.7 |
       Dungeon |   5746 |   5577 |    169 |    269 |   4187 |   6 |  957.7 |
               +--------+--------+--------+--------+--------+-----+--------+

Top non-repeatable levels by time:
     D:5: 1421 daAuts
     D:1: 1203 daAuts
     D:4: 1087 daAuts
     D:2: 996 daAuts
     D:3: 930 daAuts
     D:6: 107 daAuts
